Map: Ever Dream LE

Players

Gooseman

  • Race: Zerg Zerg
  • League: Silver
  • Spawn Location: 7:00

antagomiR - Winner!

  • Race: Protoss Protoss
  • League: Gold
  • Spawn Location: 1:00

VOD

Have the link to the VOD?

Description

Time

  • Played on: April 3, 2020, 2:26 a.m.
  • Length: 12:57
Show
View Real Time Build Order
Export as new Build Order

Gooseman Zerg 

Build Orders: Pool First 

Get SALT Encoding   

  12  0:01  Drone  
  13  0:16  Drone  
  13  0:17  Overlord  
  14  0:30  Overlord  
  14  0:35  Drone  
  15  0:48  Drone  
  16  0:52  Extractor  
  15  1:01  Drone  
  16  1:05  Drone, Spawning Pool  
  16  1:36  Hatchery  
  16  1:37  Drone  
  16  1:38  Drone x2  
  18  1:50  Drone  
  19  2:02  Drone  
  19  2:05  Roach Warren  
  19  2:08  Roach Warren  
  19  2:14  Drone  
  20  2:33  Drone  
  20  2:35  Drone  
  22  2:41  Extractor  
  22  2:43  Drone  
  22  2:48  Queen  
  22  2:50  Spine Crawler  
  22  2:51  Queen  
  25  3:01  Roach  
  27  3:06  Roach x2  
  27  3:11  Drone  
  27  3:12  Drone  
  33  3:24  Roach  
  35  3:38  Drone  
  36  4:23  Overlord  
  36  4:28  Overlord  
  36  4:41  Overlord  
  36  4:43  Drone x5  
  36  4:44  Drone  
  44  4:46  Overlord  
  44  4:49  Extractor, Drone  
  44  4:50  Drone x3  
  47  4:56  Lair, Queen  
  47  5:14  Drone x3  
  50  5:27  Evolution Chamber  
  49  5:30  Drone x4  
  49  5:31  Drone  
  49  5:34  Overlord  
  54  5:38  Overlord  
  54  5:39  Drone x2  
  56  5:52  Roach x2, Drone  
  56  5:54  Roach  
  56  5:55  Overlord  
  63  5:59  Drone x2  
  63  6:00  Drone x2  
  67  6:05  Extractor  
  66  6:13  Hatchery  
  65  7:03  Spore Crawler x2  
  65  7:04  Spore Crawler x2  
  61  7:08  Spore Crawler x2  
  59  7:21  Roach x4  
  59  7:22  Roach x3, Overlord  
  73  7:30  Overseer  
  73  7:31  Hatchery  
  72  7:46  Drone x2  
  72  7:47  Drone  
  75  8:30  Spire  
  75  8:33  Extractor, Queen  
  75  8:34  Queen  
  75  8:36  Extractor  
  75  8:37  Hatchery  
  75  8:38  Spine Crawler  
  74  8:44  Drone  
  75  8:50  Zerg Missile Weapons Level 1  
  75  9:12  Drone x2  
  77  9:26  Drone  
  77  9:28  Drone x2  
  77  9:29  Drone x2  
  68  10:09  Spine Crawler, Roach  
  68  10:10  Roach x21  
  68  10:11  Spine Crawler  
  68  10:12  Spine Crawler  
  109  10:22  Hatchery  
  109  10:23  Hatchery  
  107  10:36  Drone  
  107  10:37  Drone x4, Overlord  
  112  10:56  Drone x3  
  115  11:47  Infestation Pit  
  115  11:52  Hydralisk Den  
  113  12:06  Drone x2  
  113  12:07  Drone  
  116  12:09  Drone x2  
  116  12:10  Drone x2  
  116  12:11  Overlord x2  
  116  12:12  Roach x3  
  116  12:13  Roach x3  
Show
View Real Time Build Order
Export as new Build Order

antagomiR Protoss - Winner!

Build Orders: Zealot Archon 

Get SALT Encoding   

  12  0:01  Probe  
  13  0:13  Probe  
  14  0:25  Probe  
  14  0:27  Pylon  
  15  0:45  Probe  
  16  0:51  Gateway  
  16  0:57  Probe  
  16  1:01  Assimilator  
  17  1:09  Probe  
  18  1:21  Probe  
  19  1:33  Probe  
  20  1:51  Cybernetics Core  
  20  1:57  Pylon  
  20  1:59  Probe, Assimilator  
  21  2:05  Forge  
  20  2:11  Probe  
  21  2:23  Probe  
  21  2:29  Adept (Chrono Boost)  
  22  2:32  Nexus  
  22  2:35  Probe  
  25  2:42  Photon Cannon  
  25  2:48  Probe  
  26  3:00  Probe  
  27  3:08  Pylon  
  27  3:12  Shield Battery  
  27  3:15  Assimilator  
  27  3:17  Assimilator  
  27  3:24  Robotics Facility  
  27  3:28  Probe  
  28  3:35  Warp Gate  
  28  3:37  Stalker (Chrono Boost)  
  28  3:40  Probe  
  31  3:48  Probe  
  32  3:54  Probe (Chrono Boost)  
  33  4:00  Probe (Chrono Boost)  
  34  4:08  Probe (Chrono Boost)  
  36  4:10  Probe (Chrono Boost)  
  36  4:15  Sentry  
  36  4:16  Probe (Chrono Boost)  
  39  4:18  Observer (Chrono Boost)  
  40  4:30  Gateway  
  40  4:31  Gateway  
  40  4:34  Probe x2, Pylon, Twilight Council  
  42  4:42  Protoss Ground Weapons Level 1 (Chrono Boost)  
  42  4:46  Probe  
  43  4:55  Probe  
  43  4:59  Probe  
  45  5:02  Immortal  
  45  5:07  Probe  
  50  5:11  Probe  
  51  5:16  Charge (Chrono Boost)  
  51  5:19  Probe  
  51  5:21  Pylon  
  52  5:23  Probe  
  53  5:28  Templar Archives  
  53  5:31  Probe  
  53  5:35  Probe  
  55  5:43  Probe  
  55  5:47  Probe  
  57  5:55  Probe  
  58  5:59  Probe  
  58  6:03  Stalker x2  
  58  6:04  Stalker  
  65  6:07  Probe  
  66  6:11  Probe  
  66  6:18  Gateway x2  
  67  6:19  Probe  
  67  6:20  Gateway  
  68  6:39  High Templar  
  70  6:45  Pylon  
  70  6:47  Pylon  
  70  6:48  Pylon  
  70  6:50  Pylon  
  70  6:55  Shield Battery  
  70  6:56  Protoss Ground Weapons Level 2 (Chrono Boost)  
  70  7:03  Immortal  
  74  7:16  Zealot x2  
  74  7:17  Zealot x3  
  83  7:40  Zealot x3  
  83  7:42  Immortal  
  93  7:55  High Templar x3  
  99  7:58  Archon  
  99  8:07  Probe x2  
  101  8:15  Nexus  
  101  8:19  Probe, Pylon  
  102  8:21  Pylon  
  102  8:37  Probe x2  
  102  8:40  Pylon  
  104  8:42  Pylon  
  104  8:43  Shield Battery  
  104  8:45  Pylon, Shield Battery  
  104  8:49  Probe, High Templar x5  
  104  8:50  High Templar  
  104  8:53  Archon x3  
  117  9:08  Pylon  
  117  9:10  Pylon  
  117  9:13  Gateway  
  117  9:17  Gateway x2  
  117  9:18  Gateway  
  117  9:21  Pylon  
  117  9:27  Probe x2  
  117  9:28  Probe  
  120  9:39  Probe x2  
  122  9:48  Photon Cannon x2  
  122  9:51  Assimilator  
  122  10:06  High Templar x5  
  122  10:07  High Templar  
  132  10:09  Archon  
  132  10:10  Probe x2, Archon  
  132  10:11  Probe  
  135  10:22  Probe x2  
  135  10:23  Probe  
  135  10:27  Zealot x4  
  146  10:29  Assimilator  
  146  10:35  Phoenix  
  146  10:50  Pylon  
  146  10:51  Pylon  
  146  10:54  Pylon  
  146  10:56  Gateway  
  146  10:57  Gateway  
  146  10:59  Gateway  
  146  11:00  Gateway  
  146  11:03  Sentry, Nexus  
  146  11:04  Pylon, Sentry x3  
  150  11:07  Pylon  
  150  11:09  Archon  
  150  11:10  Archon  
  154  11:15  High Templar  
  154  11:16  High Templar x3  
  161  11:20  Archon x2  
  161  11:44  Nexus  
  161  11:47  Pylon  
  161  11:48  Pylon  
  161  11:51  Assimilator  
  161  11:53  Assimilator  
  161  11:54  Zealot x2  
  161  11:56  High Templar x3  
  161  11:57  Pylon  
  161  11:59  Zealot x2  
  161  12:00  Zealot x5  
  161  12:01  Zealot x2  
  187  12:04  Archon  
  187  12:29  Probe x2  
  190  12:30  Probe  
  186  12:41  Probe  
  186  12:42  Probe  
Tags
 
Composition
Zealot Archon
Matchup
PvZ
Opening
Pool First
Replay Pack
20200422
Spawn Locations
Cross Positions
Add a new tag
Caveats
  • Supply blocks, unpowered buildings, or Contaminate may cause inaccurate times.
  • Supply counts are checked every 10 seconds.